 Dungeon Crawl Stone Soup version 0.31-a0-705-ga145531891 (webtiles) character file.

Game seed: 8614802515168641433

1693 dondy the Grappler (level 9, -3/47 HPs)
             Began as an Octopode Shapeshifter on Sept 9, 2023.
             Was a Priest of Hepliaklqana.
             Succumbed to their own poison gas
             ... on level 6 of the Dungeon.
             The game lasted 00:12:41 (4979 turns).

dondy the Grappler (Octopode Shapeshifter)          Turns: 4979, Time: 00:12:41

Health: -3/47      AC:  1    Str: 13    XL:     9   Next: 2%
Magic:  9/9        EV: 13    Int: 17    God:    Hepliaklqana [***...]
Gold:   299        SH:  0    Dex: 11    Spells: 8/8 levels left

rFire   . .          .
                       - Unarmed
rCold   . . .        (no shield)
rNeg    . . .        (helmet currently unavailable)
rPois   .            (no amulet)
rElec   .            (no ring)
rCorr   .            (no ring)
SInv    .            (no ring)
Will    .....        (no ring)
Stlth   ++           (no ring)
HPRegen 0.27/turn    (no ring)
MPRegen 0.11/turn    (no ring)
                     (no ring)

%: no passive effects
@: lethally poisoned (-3 -> -19), beast-form, invisible
A: beast (slay +3), reduced essence, almost no armour, amphibious, 8 rings,
camouflage 1, gelatinous body 1, (nimble swimmer 1), tentacles
a: Begin Untransformation, Renounce Religion, Recall Ancestor, Ancestor
Identity, Transference


You were on level 6 of the Dungeon.
You worshipped Hepliaklqana.
Hepliaklqana was most pleased with you.
You were a hulking beast.
You visited 1 branch of the dungeon, and saw 6 of its levels.

You collected 299 gold pieces.

Inventory:

Hand Weapons
 p - the +1 flail of the Arena {elec, rC+ Stlth+}
   (You found it on level 3 of the Dungeon)

   rC+:       It protects you from cold.
   Stlth+:    It makes you more stealthy.
 x - the +7 mace of Cualaow {heavy, Contam rCorr Str+4 Int+2}
   (You found it on level 5 of the Dungeon)

   Str+4:     It affects your strength (+4).
   Int+2:     It affects your intelligence (+2).
   Contam:    It causes magical contamination when unequipped.
   rCorr:     It protects you from acid and corrosion.
Armour
 m - an orb of guile
Magical Staves
 r - a staff of poison
Talismans
 b - a beast talisman (active)
 c - a flux talisman
 q - a storm talisman
Wands
 s - a wand of paralysis (12)
Scrolls
 d - 4 scrolls of enchant armour
 e - a scroll of revelation {unknown}
 g - 2 scrolls of poison
 h - 9 scrolls of identify
 i - a scroll of silence {unknown}
 j - 2 scrolls of enchant weapon {unknown}
 l - 2 scrolls of fear {unknown}
 n - a scroll of teleportation {unknown}
 o - a scroll of fog {unknown}
 w - 2 scrolls of blinking {unknown}
Potions
 a - 3 potions of lignification
 k - a potion of invisibility
 t - a potion of haste {unknown}
 u - a potion of enlightenment {unknown}
 v - a potion of berserk rage {unknown}
 z - a potion of curing {unknown}
 A - a potion of heal wounds {unknown}
 B - a potion of mutation {unknown}
 C - a potion of resistance {unknown}


   Skills:
 - Level 1.0 Fighting
 - Level 2.0 Dodging
 * Level 9.6 Unarmed Combat
 + Level 6.6 Shapeshifting


You had 8 spell levels left.
You didn't know any spells.
Your spell library contained the following spells:

 Spells                   Type           Power      Damage    Failure   Level
 Kiss of Death            Conj/Necr      0%         2d5       24%         1
 Necrotise                Necr           0%         1d4       24%         1
 Ensorcelled Hibernation  Hex/Ice        0%         N/A       34%         2
 Passwall                 Tmut/Erth      0%         N/A       34%         2
 Confusing Touch          Hex            0%         N/A       56%         3
 Swiftness                Air            0%         N/A       56%         3
 Vampiric Draining        Necr           0%         2d6       56%         3
 Dispel Undead            Necr           0%         3d6       93%         4
 Agony                    Necr           0%         N/A       100%        5


Dungeon Overview and Level Annotations

Branches:
Dungeon (6/15)
 Temple: D:4-7

Altars:
Ashenzari
Hepliaklqana
Kikubaaqudgha
Makhleb
Okawaru
Vehumet
Yredelemnul

Shops:
D:3 [   D:6 ?

Annotations:
D:6 Maggie


Innate Abilities, Weirdness & Mutations

You are a hulking beast.
Your limbs bulge with bestial killing power. (Slay +3)
Your life essence is reduced to manifest your ancestor. (-10% HP)
You cannot wear most types of armour.
You are amphibious.
You can wear up to eight rings at the same time.
Your skin changes colour to match your surroundings (Stealth+).
Your rubbery body absorbs attacks. (AC +1, EV +1)
((You are camouflaged when in or above water. (Stealth+)))
You have tentacles for arms and can constrict up to eight enemies at once.


Message History

Maggie the Vainglorious comes into view.
She is wielding a +0 war axe.
Maggie shouts!
You hear a shout!
You swap places.
Maggie points at you and mumbles some strange words.
The bolt of fire hits Titus!
Titus resists.
Titus barely misses Maggie.
Maggie barely misses Titus.
Titus barely misses Maggie.
Maggie hits Titus with a +0 war axe!
Titus hits Maggie with a +0 quarterstaff!
Maggie hits Titus with a +0 war axe!
Titus is destroyed!
Maggie shouts!
You hear a shout! x2
Maggie casts a spell at you. The bolt of fire hits you!!
Ouch! That really hurt!
A bullfrog comes into view.
As you read the scroll labelled ISUZXU NUDDOENG, it crumbles to dust.
It is a scroll of identify.
d - 4 scrolls of enchant armour
As you read the scroll of identify, it crumbles to dust.
g - 3 scrolls of poison The air fills with toxic fumes!
As you read the scroll of poison, it crumbles to dust.
You are engulfed in poison gas.
You are poisoned.
You feel very sick.
Maggie mumbles some strange words.
Maggie attempts to bespell you!
You easily resist.
You are engulfed in poison gas.
You are lethally poisoned!
* * * LOW HITPOINT WARNING * * *
You feel extremely sick.
* * * LOW HITPOINT WARNING * * *
You feel very sick.
It was a potion of invisibility.
You fade into invisibility!
* * * LOW HITPOINT WARNING * * *
You feel very sick.
It was a potion of magic.
Magic courses through your body.
You die...

...........###.##.........#
. '######....#
#@###.......## .# #....#
#.# #####.... .# #....# #.#
#### .# #....# #.# .#
#....# #.# ## ∩# ###'## #.#
.. .#### #.# #§###.# ....#
#.# #§☼h..# .##.# #.#
#§##### .##.# #.# ### .##.#
#.# .##.# #.# .##.#####.#
.##...(...# .##########


There were no monsters in sight!

Vanquished Creatures
  An ogre (D:5)
  2 scorpions
  2 vampire bats (D:3)
  A hound (D:4)
  An orc priest (D:6)
  A sleepcap (D:5)
  2 orc wizards
  Robin (D:2)
  4 adders
  2 worms
  3 dart slugs
  9 orcs
  2 ball pythons (D:3)
  5 bats
  2 bat skeletons (D:3)
  2 bat zombies (D:3)
  3 endoplasms
  5 giant cockroaches
  8 goblins
  4 hobgoblins
  3 quokkas
  4 frilled lizards
  2 kobolds (D:1)
  6 rats
75 creatures vanquished.

Vanquished Creatures (collateral kills)
  A black bear (D:4)
  An orc warrior (D:4)
  An ice beast (D:6)
  An ogre (D:4)
  A centaur (D:6)
  2 phantoms
  A scorpion (D:4)
  2 jellies
  2 orc priests (D:6)
  Crazy Yiuf (D:2)
  5 hounds
  2 sleepcaps (D:4)
  An iguana (D:5)
  2 orc wizards
  3 adders
  2 white imps (D:5)
  An ufetubus (D:6)
  3 dart slugs
  2 orcs
  2 bats
  2 endoplasms (D:4)
  2 giant cockroaches
  7 goblins
  A hobgoblin (D:3)
  2 quokkas
  A ball python (D:4)
  A frilled lizard (D:3)
  3 kobolds
  A rat (D:2)
56 creatures vanquished.

Vanquished Creatures (others)
  3 battlemagi
3 creatures vanquished.

Grand Total: 134 creatures vanquished

Notes
Turn   | Place    | Note
-------+----------+-------------------------------------------
     0 | D:1      | dondy the Octopode Shapeshifter began the quest for the
                  | Orb.
     0 | D:1      | Reached XP level 1. HP: 13/13 MP: 1/1
   321 | D:1      | Found a faded altar of an unknown god.
   324 | D:1      | Reached XP level 2. HP: 18/18 MP: 2/2
   330 | D:1      | Prayed at the altar of an unknown god.
   330 | D:1      | Became a worshipper of Hepliaklqana the Forgotten
   330 | D:1      | Reached * piety under Hepliaklqana
   926 | D:2      | Reached XP level 3. HP: 16/20 MP: 3/3
   984 | D:2      | Noticed Robin
   994 | D:2      | Reached skill level 4 in Unarmed Combat
  1068 | D:2      | Reached ** piety under Hepliaklqana
  1069 | D:2      | Remembered your ancestor Titus as a battlemage
  1205 | D:2      | Reached XP level 4. HP: 25/25 MP: 4/4
  1273 | D:2      | Found a runed translucent door.
  1274 | D:2      | Noticed Crazy Yiuf
  1279 | D:2      | Killed Crazy Yiuf
  1701 | D:2      | Reached XP level 5. HP: 25/29 MP: 5/5
  1756 | D:2      | Killed Robin
  2047 | D:3      | Reached skill level 5 in Unarmed Combat
  2053 | D:3      | Found an ancient bone altar of Kikubaaqudgha.
  2151 | D:3      | Reached XP level 6. HP: 11/34 MP: 6/6
  2301 | D:3      | Found Fucwoqeot's Armour Shoppe.
  2468 | D:3      | Identified the +1 flail of the Arena {elec, rC+ Stlth+}
  2757 | D:4      | Reached *** piety under Hepliaklqana
  2797 | D:4      | Reached skill level 6 in Unarmed Combat
  2954 | D:4      | Noticed a black bear
  2959 | D:4      | Killed a black bear
  2960 | D:4      | Reached XP level 7. HP: 18/38 MP: 7/7
  3288 | D:4      | Reached skill level 5 in Shapeshifting
  3298 | D:4      | Reached skill level 7 in Unarmed Combat
  3569 | D:4      | Reached XP level 8. HP: 43/43 MP: 8/8
  3657 | D:5      | Entered Level 5 of the Dungeon
  3671 | D:5      | Reached skill level 8 in Unarmed Combat
  3862 | D:5      | Found a basalt altar of Yredelemnul.
  4022 | D:5      | Identified the +7 mace of Cualaow {heavy, Contam rCorr
                  | Str+4 Int+2}
  4287 | D:5      | Found an iron altar of Okawaru.
  4422 | D:5      | Found a burning altar of Makhleb.
  4643 | D:6      | Found a broken altar of Ashenzari.
  4651 | D:6      | Reached skill level 9 in Unarmed Combat
  4847 | D:6      | Reached XP level 9. HP: 47/47 MP: 9/9
  4867 | D:6      | Found Amoydeom's Magic Scroll Shoppe.
  4910 | D:6      | Found a radiant altar of Vehumet.
  4947 | D:6      | Noticed Maggie
  4978 | D:6      | HP: 1/47 [poisoned by you (poison gas)]
  4979 | D:6      | Succumbed to their own poison gas

Illustrated notes

Levels and vault maps discovered:
D:1:      dpeg_arrival_three_same_balls, layout_basic, basic_ecumenical_altar
D:2:      layout_loops_ring, patterned_corridor, uniq_crazy_yiuf_cottage,
          uniq_robin
D:3:      layout_loops_cross, kennysheep_vampire_church, serial_shops,
          nicolae_shop_statue_plus
D:4:      layout_rooms, nzn_random_ring
D:5:      layout_loops_ring, yredelemnul_altar_generic, okawaru_gym_becter,
          lightli_temple_of_fire, minmay_misc_feat_five
D:6:      layout_basic, mainiacjoe_overflow_small_starburst, tso_metal_star,
          vehumet_crystals, minmay_temple_entry_glassed_door, serial_shops,
          shop, nicolae_diamond_shop, shop, shop,
          dilly_guarded_unrand_throatcut, uniq_prince_ribbit1, uniq_maggie

Skill      XL: |  1  2  3  4  5  6  7  8 |
---------------+-------------------------+-----
Unarmed Combat | 4 5 6 7 9 |  9.6
Shapeshifting  | 4 5 6 |  6.6
Fighting       | |  1.0
Dodging        | |  2.0

Action                     |  1- 3 |  4- 6 |  7- 9 || total
---------------------------+-------+-------+-------++-------
  Melee: Unarmed           |    52 |    55 |    65 ||   172
         Constrict         |    11 |    12 |    16 ||    39
         Tentacles         |     6 |    12 |    13 ||    31
         Punch             |     1 |     3 |     2 ||     6
 Invoke: Ancestor Life: Ba |     1 |       |       ||     1
    Use: Scroll            |       |       |     3 ||     3
         Potion            |       |       |     2 ||     2
   Stab: Sleeping          |     7 |     3 |     3 ||    13
         Distracted        |     1 |       |     1 ||     2
 Armour: Skin              |    20 |    32 |    24 ||    76
  Dodge: Dodged            |    24 |    33 |    39 ||    96
   Form: Beast             |     1 |     1 |       ||     2
         Flux              |     1 |     1 |       ||     2
                           |       |     1 |       ||     1

Table legend: (Time is in decaauts)
 A = Elapsed time spent in this place.
 B = Non-inter-level travel time spent in this place.
 C = Inter-level travel time spent in this place.
 D = Time resting spent in this place.
 E = Time spent auto-exploring this place.
 F = Levels seen in this place.
 G = Mean time per level.
                   A        B        C        D        E       F      G
               +--------+--------+--------+--------+--------+-----+--------+
         Total |   4959 |   4730 |    229 |    741 |   3048 |   6 |  826.5 |
       Dungeon |   4959 |   4730 |    229 |    741 |   3048 |   6 |  826.5 |
               +--------+--------+--------+--------+--------+-----+--------+

Top non-repeatable levels by time:
     D:2: 1063 daAuts
     D:4: 925 daAuts
     D:5: 918 daAuts
     D:1: 894 daAuts
     D:3: 761 daAuts
     D:6: 398 daAuts
